 Dungeon Crawl Stone Soup version 0.30.1-3-gfc49f6343a (webtiles) character file.

Game seed: 18318788915076721275

39 cheesebisquit the Grave Robber (level 3, -1/29 HPs)
             Began as a Ghoul Necromancer on July 28, 2023.
             Slain by a worm (6 damage)
             ... on level 2 of the Dungeon.
             The game lasted 00:05:27 (1433 turns).

cheesebisquit the Grave Robber (Ghoul Necromancer)  Turns: 1433, Time: 00:05:28

Health: -1/29      AC:  2    Str: 11    XL:     3   Next: 45%
Magic:  0/4        EV: 12    Int: 12    God:
Gold:   69         SH:  0    Dex:  9    Spells: 4/5 levels left

rFire   . . .        (no weapon)
rCold   + . .        (no shield)
rNeg    + + +        a - +0 robe
rPois   ∞            (no helmet)
rElec   .            (no cloak)
rCorr   .            (no gloves)
SInv    .            (no boots)
Will    .....        (no amulet)
Stlth   ++           (no ring)
HPRegen 0.00/turn    (no ring)
MPRegen 0.09/turn

%: no passive effects
@: inhibited regen
A: claws 1, cold resistance 1, negative energy resistance 3, inhibited
regeneration, torment resistance 2, devour on kill
a: no special abilities


You were on level 2 of the Dungeon.
You visited 1 branch of the dungeon, and saw 2 of its levels.

You collected 69 gold pieces.

Inventory:

Armour
 a - a +0 robe (worn)
Scrolls
 b - a scroll of blinking {unknown}
 c - a scroll of noise {unknown}
 d - a scroll of enchant weapon {unknown}
 e - 2 scrolls of identify {unknown}
Potions
 f - a potion of mutation {unknown}
 g - a potion of heal wounds {unknown}


   Skills:
 + Level 2.2 Fighting
 - Level 1.7 Dodging
 - Level 2.1 Stealth
 - Level 1.7 Spellcasting
 + Level 4.6 Necromancy


You had 4 spell levels left.
You knew the following spells:

 Your Spells              Type           Power      Damage    Failure   Level
a - Necrotise             Necr           48%        1d6       4%          1

Your spell library contained the following spells:

 Spells                   Type           Power      Damage    Failure   Level
 Vampiric Draining        Necr           12%        2d6       13%         3
 Animate Dead             Necr           12%        N/A       38%         4
 Dazzling Flash           Conj/Hex       2%         N/A       63%         3
 Agony                    Necr           12%        N/A       75%         5
 Silence                  Hex/Air        0%         N/A       100%        5


Dungeon Overview and Level Annotations

Branches:
Dungeon (2/15)

Altars:


Innate Abilities, Weirdness & Mutations

You are immune to poison.
You have sharp fingernails.
Your flesh is cold resistant. (rC+)
You are immune to negative energy. (rN+++)
You do not regenerate when monsters are visible.
You are immune to unholy pain and torment.
You thrive by killing the living.


Message History

The worm is moderately wounded.
The worm bites you.
Aiming: Necrotise (safe; 4% risk of failure)
Press: ? - help, Q - select action Shift-Dir - straight line, f/p - worm
Aim: a worm (moderately wounded, chance to affect: 75%)
The worm writhes in agony.
You scratch the worm.
The worm is severely wounded.
The worm bites you!
You scratch the worm.
The worm is severely wounded.
You barely miss the worm.
The worm is severely wounded.
The worm bites you but does no damage.
Okay, then.
You barely miss the worm.
The worm is severely wounded.
The worm bites you.
You scratch the worm.
The worm is almost dead.
You barely miss the worm.
The worm is almost dead.
The worm misses you.
You scratch the worm but do no damage.
The worm is severely wounded.
You scratch the worm.
The worm is almost dead.
The worm bites you!
* * * LOW HITPOINT WARNING * * *
You scratch the worm but do no damage.
The worm is almost dead.
The worm barely misses you.
Aiming: Necrotise (safe; 4% risk of failure)
Press: ? - help, Q - select action Shift-Dir - straight line, f/p - worm
Aim: a worm (severely wounded, chance to affect: 75%)
The worm writhes in agony.
You scratch the worm.
The worm is almost dead.
The worm bites you.
You die...

### #?.
###.##
.... #
..#
#.###.#
#..<..#
#####@#
#w# #.#
... ...
##.##
..# ###


You could see a worm.

Vanquished Creatures
  2 dart slugs (D:1)
  2 ball pythons
  4 bats (D:1)
  An endoplasm (D:2)
  2 goblins (D:1)
  2 hobgoblins
  2 jackals (D:1)
  3 quokkas
  A frilled lizard (D:2)
  5 kobolds (D:1)
  6 rats
30 creatures vanquished.

Vanquished Creatures (collateral kills)
  An endoplasm (D:1)
  A giant cockroach (D:2)
2 creatures vanquished.

Grand Total: 32 creatures vanquished

Notes
Turn   | Place    | Note
-------+----------+-------------------------------------------
     0 | D:1      | cheesebisquit the Ghoul Necromancer began the quest for the
                  | Orb.
     0 | D:1      | Reached XP level 1. HP: 14/14 MP: 2/2
   233 | D:1      | Reached skill level 1 in Fighting
   235 | D:1      | Reached XP level 2. HP: 23/23 MP: 3/3
   287 | D:1      | Found a faded altar of an unknown god.
   533 | D:1      | Reached XP level 3. HP: 24/29 MP: 0/4
  1433 | D:2      | Slain by a worm

Illustrated notes

Levels and vault maps discovered:
D:1:      erik_arrival_orb_chamber, layout_loops_ring,
          chequers_ecumenical_altar_island
D:2:      layout_loops_ring, nicolae_underground_beach

Skill      XL: |  1  2  3 |
---------------+----------+-----
Fighting       | 1 2 |  2.2
Dodging        | |  1.7
Stealth        | |  2.1
Spellcasting   | |  1.7
Necromancy     | |  4.6

Action                     || total
---------------------------++-------
  Melee: Unarmed           ||    56
   Cast: Necrotise         ||    64
    Use: Potion            ||     1
 Armour: Robe              ||     8
  Dodge: Dodged            ||    38
